 Dungeon Crawl Stone Soup version 0.19-a0-1107-gc676ff4 (webtiles) character file.

117 Leszczynek the Shooter (level 4, -2/30 HPs)
             Began as a High Elf Arcane Marksman on Aug 9, 2016.
             Slain by a centaur (4 damage)
             ... on level 3 of the Dungeon.
             The game lasted 00:13:44 (2903 turns).

Leszczynek the Shooter (High Elf Arcane Marksman)   Turns: 2903, Time: 00:13:45

Health: -2/30      AC: 10    Str: 10 (11) XL:     4   Next: 71%
Magic:  6/6        EV: 11    Int: 15 (16) God:
Gold:   91         SH:  0    Dex: 14 (15) Spells: 2 memorised, 2 levels left

rFire  . . .     SeeInvis .     b - +4 quarterstaff (protect)
rCold  + . .     Gourm    .     m - +0 ring mail
rNeg   . . .     Faith    .     (shield currently unavailable)
rPois  +         Spirit   .     (no helmet)
rElec  .         Dismiss  .     (no cloak)
rCorr  .         Reflect  .     (no gloves)
SustAt +         Harm     .     (no boots)
MR     .....     Clarity  +     (no amulet)
Stlth  +.........               p - ring of sustain attributes
                                (no ring)

@:
A: clarity, cold resistance 1, poison resistance, robust 1
a: no special abilities


You were on level 3 of the Dungeon.
You were hungry.

You visited 1 branch of the dungeon, and saw 3 of its levels.

You collected 91 gold pieces.

Inventory:

Hand Weapons
 a - a +0 shortbow
 b - a +4 quarterstaff of protection (weapon)
 u - a +0 dagger
Missiles
 d - 69 arrows
Armour
 e - a +0 robe
 m - a +0 ring mail (worn)
Jewellery
 o - an uncursed ring of ice
 p - a ring of sustain attributes (right hand)
Scrolls
 l - a scroll of remove curse
 n - 2 scrolls of teleportation
 r - 2 scrolls of identify
Books
 c - a book of Debilitation

   Spells                             Type                      Level
   a - Corona                         Hexes                        1
   b - Slow                           Hexes                        2
   c - Gell's Gravitas                Hexes/Translocation          3
   d - Inner Flame                    Hexes/Fire                   3
   e - Cause Fear                     Hexes                        4
   f - Leda's Liquefaction            Hexes/Earth                  4
Comestibles
 f - 2 bread rations
 j - 2 meat rations
 w - a chunk of flesh


   Skills:
 - Level 1.2 Fighting
 - Level 1.6 Short Blades
 * Level 2.6 Staves
 - Level 3.3 Bows
 - Level 2.4 Dodging
 - Level 2.6 Stealth
 - Level 1.2 Spellcasting
 - Level 3.0 Hexes


You had 2 spell levels left.
You knew the following spells:

 Your Spells              Type           Power        Failure   Level  Hunger
a - Corona                Hex            #......      21%         1    ##.....
b - Slow                  Hex            #.......     30%         2    ###....


Dungeon Overview and Level Annotations

Branches:
Dungeon (3/15)

Altars:

Annotations:
D:3 seren's ghost, amateur KoHu


Innate Abilities, Weirdness & Mutations

You possess an exceptional clarity of mind.
Your flesh is cold resistant. (rC+)
Your system is resistant to poisons. (rPois)
You are robust. (+10% HP)


Message History

You flicker back into view.
You feel a little less clever now. Something hits you.
You barely miss something. Something hits you.
* * * LOW HITPOINT WARNING * * *
Something hits you.
* * * LOW HITPOINT WARNING * * *
Unknown command.
As you read the scroll labeled GAHUZA AXEIHI, it crumbles to dust.
You hear a loud clanging noise!
It was a scroll of noise.
Something hits you.
* * * LOW HITPOINT WARNING * * *
Something hits you but does no damage.
As you read the scroll labeled CUYLAFEMON, it crumbles to dust.
It is a scroll of identify.
n - 2 scrolls of teleportation Something hits you but does no damage.
As you read the scroll labeled REH OSIKIK, it crumbles to dust.
You feel blessed for a moment.
It was a scroll of remove curse.
Something hits you.
You die...

#.####..# #.......#
######.## ##'##
##...## ##.....## #
#.......## .#.#
#.........####....#
.'.........@{......#
###.........####....#
##.......## .....
##.....## #.##
##...## # ##+#


There were no monsters in sight!

Vanquished Creatures
  5 adders (D:2)
  A worm (D:2)
  4 dart slugs
  3 giant geckos
  An orc (D:3)
  3 ball pythons (D:1)
  4 giant cockroaches
  9 goblins
  9 hobgoblins
  A quokka (D:2)
  5 bats
  4 giant newts
  5 kobolds
  10 rats
64 creatures vanquished.

Notes
Turn   | Place    | Note
-------+----------+-------------------------------------------
     0 | D:1      | Leszczynek the High Elf Arcane Marksman began the quest for the Orb.
     0 | D:1      | Reached XP level 1. HP: 13/13 MP: 3/3
    57 | D:1      | Reached skill level 1 in Stealth
    66 | D:1      | Reached skill level 2 in Stealth
   132 | D:1      | Reached XP level 2. HP: 18/18 MP: 2/4
   156 | D:1      | Learned a level 2 spell: Slow
   368 | D:1      | Reached skill level 3 in Bows
   396 | D:1      | Reached XP level 3. HP: 18/23 MP: 2/5
  1032 | D:2      | Reached skill level 1 in Short Blades
  1733 | D:2      | Reached skill level 1 in Staves
  1791 | D:2      | Reached XP level 4. HP: 20/28 MP: 2/6
  2256 | D:2      | Reached skill level 2 in Staves
  2460 | D:3      | Noticed seren's ghost (amateur KoHu)
  2888 | D:3      | Noticed a centaur
  2896 | D:3      | Gained mutation: Your flesh is cold resistant. (rC+) [potion of mutation]
  2896 | D:3      | Gained mutation: You are robust. (+10% HP) [potion of mutation]
  2896 | D:3      | Gained mutation: You possess an exceptional clarity of mind. [potion of mutation]
  2897 | D:3      | Gained mutation: Your system is resistant to poisons. (rPois) [potion of beneficial mutation]
  2901 | D:3      | HP: 2/30 [something (2)]
  2903 | D:3      | Slain by a centaur

Vault maps used:
D:1:      onia_arrival_handbag, hangedman_decor_growths
D:2:      first_bread

Skill      XL: |  1  2  3  4 |
---------------+-------------+-----
Stealth        | 2 |  2.6
Bows           | 3 |  3.3
Short Blades   | 1 |  1.6
Staves         | 1 2 |  2.6
Fighting       | |  1.2
Dodging        | |  2.4
Spellcasting   | |  1.2
Hexes          | |  3.0

Action                   |  1- 3 |  4- 6 || total
-------------------------+-------+-------++-------
Melee: Dagger            |    59 |       ||    59
       Quarterstaff      |    14 |    40 ||    54
 Fire: Shortbow          |    92 |     3 ||    95
 Cast: Corona            |    19 |     4 ||    23
       Slow              |     4 |     4 ||     8
  Use: Potion            |       |     7 ||     7
       Scroll            |       |     3 ||     3
 Stab: Distracted        |     2 |       ||     2
       Sleeping          |     1 |       ||     1
  Eat: Chunk             |     3 |     2 ||     5
       Royal jelly       |       |     1 ||     1
Armor: Robe              |    15 |       ||    15
       Ring mail         |     8 |    25 ||    33
Dodge: Dodged            |    80 |    21 ||   101
